 Dungeon Crawl Stone Soup version 0.22.1-6-g1668fe2 (webtiles) character file.

44 Yuikono the Poker (level 3, 29/29 HPs)
             Began as a Merfolk Gladiator on Jan 28, 2019.
             Quit the game on level 2 of the Dungeon.
             The game lasted 00:04:42 (1069 turns).

Yuikono the Poker (Merfolk Gladiator)               Turns: 1069, Time: 00:04:43

Health: 29/29      AC:  5    Str: 14    XL:     3   Next: 62%
Magic:  3/3        EV: 14    Int:  8    God:
Gold:   78         SH:  0    Dex: 15    Spells: 2/2 levels left

rFire    . . .     SeeInvis +   v - +4 mace
rCold    . . .     Gourm    .   (no shield)
rNeg     . . .     Faith    .   b - +0 leather armour
rPois    .         Spirit   .   c - +1 helmet
rElec    .         Reflect  .   (no cloak)
rCorr    .         Harm     .   (no gloves)
MR       .....                  (no boots)
Stlth    ++........             q - amulet of inaccuracy (curse)
HPRegen  0.09/turn              o - ring of stealth
MPRegen  0.08/turn              r - ring of see invisible

@: no status effects
A: change form in water, swift swim, stealthy swim
a: no special abilities


You were on level 2 of the Dungeon.
You were hungry.

You visited 1 branch of the dungeon, and saw 2 of its levels.

You collected 78 gold pieces.

Inventory:

Hand Weapons
 a - a +1 trident
 v - a +4 mace (weapon)
Missiles
 d - 3 throwing nets (quivered)
 k - 34 stones
 s - 16 bolts
 t - 21 arrows
Armour
 b - a +0 leather armour (worn)
 c - a +1 helmet (worn)
Jewellery
 l - an uncursed amulet of regeneration
 o - a ring of stealth (left hand)
 q - a cursed amulet of inaccuracy (around neck)
 r - a ring of see invisible (right hand)
Scrolls
 h - a scroll of amnesia
 j - a scroll of teleportation
Potions
 g - a potion of might {unknown}
 m - a potion of heal wounds {unknown}
 n - a potion of lignification
 p - a potion of degeneration {unknown}
Comestibles
 f - 5 rations


   Skills:
 + Level 3.3 Fighting
 + Level 5.6 Polearms
 - Level 2.0 Throwing
 - Level 4.0 Dodging


You had 2 spell levels left.
You didn't know any spells.
Your spell library was empty.

Dungeon Overview and Level Annotations

Branches:
Dungeon (2/15)

Altars:
Nemelex Xobeh

Annotations:
D:2 1 transporter


Message History

v - a glowing mace Wield which item (- for none, * to show all)? (? for menu, Esc to quit)
v - a +4 mace (weapon)
As you read the scroll labeled VAMAOW ACKU, it crumbles to dust.
It is a scroll of enchant armour.
Your +0 helmet glows green for a moment.
As you read the scroll labeled PETEMINGU WUMPIAM, it crumbles to dust.
The dust glows dull cobalt blue!
It was a scroll of random uselessness.
Unknown command.
As you read the scroll labeled VAQEAPPIAGA, it crumbles to dust.
It is a scroll of identify.
n - a potion of lignification
There is a stone staircase leading down here.
You see here a ring mail.
The crimson imp shouts!
There is an open door here.
There is a sparkling altar of Nemelex Xobeh here.
Press: ? - help, v - describe, . - travel The floor.
Are you sure you want to abandon this character and quit the game? (Confirm

.......†...............>#
#.########.###........#.#
#.# ###.######.##.##.#
#.######...........#....#
#...##.........##########
###.##..########
#.##..#▓▓▓▓▓▓▓###▓▓▓▓▓▓▓
###.##..#▓⌠.©.⌠▓§.§▓⌠.©.⌠▓
....##..#▓..?:.▓@_.▓5....▓
###.#####▓..8?.▓...▓.....▓
### ▓.$...▓...▓.....▓ #
▓⌠...⌠▓...▓⌠...⌠▓ #
▓▓▓▓▓▓▓...▓▓▓▓▓▓▓ #####
##'## ....############..#
.................##
....##############


You could see a crimson imp.

Vanquished Creatures
  An ooze (D:2)
  A worm (D:2)
  A dart slug (D:2)
  A leopard gecko (D:2)
  2 giant cockroaches (D:2)
  A goblin (D:2)
  2 hobgoblins (D:1)
  7 jackals
  A quokka (D:2)
  A bat (D:1)
  5 frilled lizards
  5 kobolds
  5 rats
33 creatures vanquished.

Notes
Turn   | Place    | Note
-------+----------+-------------------------------------------
     0 | D:1      | Yuikono the Merfolk Gladiator began the quest for the Orb.
     0 | D:1      | Reached XP level 1. HP: 16/16 MP: 1/1
   248 | D:1      | Reached XP level 2. HP: 19/23 MP: 2/2
   293 | D:1      | You fall through a shaft!
   300 | D:2      | Found a sparkling altar of Nemelex Xobeh.
   300 | D:2      | Found a transporter.
   300 | D:2      | Noticed a crimson imp
   429 | D:1      | Reached skill level 5 in Polearms
   644 | D:2      | Reached XP level 3. HP: 29/29 MP: 3/3
  1069 | D:2      | Quit the game

Skill      XL: |  1  2 |
---------------+-------+-----
Polearms       | 5 |  5.6
Fighting       | 3 |  3.3
Throwing       | |  2.0
Dodging        | |  4.0

Action                   || total
-------------------------++-------
Melee: Trident           ||   128
  Use: Scroll            ||     6
 Stab: Sleeping          ||     1
Armor: Leather armour    ||    40
Dodge: Dodged            ||    83
